 Dungeon Crawl Stone Soup version 0.29-a0-409-gd843f3a48c (webtiles) character file.

Game seed: 7901237787508687518

11 croobank the Covert (level 2, -4/29 HPs)
             Began as a Gnoll Delver on May 14, 2022.
             Slain by a gnoll
             ... wielding a +0 spear
              (9 damage)
             ... on level 4 of the Dungeon.
             The game lasted 00:03:37 (388 turns).

croobank the Covert (Gnoll Delver)                   Turns: 388, Time: 00:03:38

Health: -4/29      AC:  4    Str: 11    XL:     2   Next: 29%
Magic:  2/2        EV: 13    Int:  9    God:
Gold:   0          SH:  0    Dex: 13    Spells: 1/1 levels left

rFire   . . .      SeeInvis .   a - +0 hand axe
rCold   . . .      Faith    .   (no shield)
rNeg    . . .      Spirit   .   b - +0 leather armour
rPois   .          Reflect  .   i - +0 helmet
rElec   .          Harm     .   (no cloak)
rCorr   .          Rampage  .   (no gloves)
Will    .....                   (no boots)
Stlth   ++++......              (no amulet)
HPRegen 0.09/turn               (no ring)
MPRegen 0.08/turn               (no ring)

@: no status effects
A: fangs 1, strong nose, distributed training
a: no special abilities


You were on level 4 of the Dungeon.
You visited 1 branch of the dungeon, and saw 2 of its levels.

Inventory:

Hand Weapons
 a - a +0 hand axe (weapon)
 j - a +1 dagger of electrocution
Armour
 b - a +0 leather armour (worn)
 i - a +0 helmet (worn)
Wands
 g - a wand of digging (1)
Scrolls
 c - a scroll of fog
 d - a scroll of noise {unknown}
 e - a scroll of fear
 h - a scroll of teleportation {unknown}
Potions
 f - a potion of curing {unknown}
 k - a potion of invisibility {unknown}


   Skills:
 + Level 6.4 Fighting
 + Level 0.3 Short Blades
 + Level 0.3 Long Blades
 + Level 4.4 Axes
 + Level 0.3 Maces & Flails
 + Level 0.3 Polearms
 + Level 0.3 Staves
 + Level 0.3 Slings
 + Level 0.3 Bows
 + Level 0.3 Crossbows
 + Level 0.3 Throwing
 + Level 0.3 Armour
 + Level 4.4 Dodging
 + Level 9.5 Stealth
 + Level 0.3 Shields
 + Level 0.3 Unarmed Combat
 + Level 0.3 Spellcasting
 + Level 0.2 Conjurations
 + Level 0.2 Hexes
 + Level 0.2 Summonings
 + Level 0.2 Necromancy
 + Level 0.2 Translocations
 + Level 0.2 Transmutations
 + Level 0.2 Fire Magic
 + Level 0.2 Ice Magic
 + Level 0.2 Air Magic
 + Level 0.2 Earth Magic
 + Level 0.2 Poison Magic
 + Level 0.4 Invocations
 + Level 0.3 Evocations


You had one spell level left.
You didn't know any spells.
Your spell library was empty.

Dungeon Overview and Level Annotations

Branches:
Dungeon (5/15)
 Temple: D:4-7

Altars:

Annotations:
D:4 1 transporter, Menkaure; NateTC's ghost, amateur MiFi


Innate Abilities, Weirdness & Mutations

You have very sharp teeth.
Your uncanny sense of smell can sniff out nearby items.
Your experience applies equally to all skills.


Message History

You barely miss the hobgoblin.
You bite the hobgoblin, but do no damage.
The hobgoblin is severely wounded.
You hit the dart slug. The hobgoblin closely misses you.
The dart slug bites you but does no damage.
You hit the dart slug but do no damage. You bite the dart slug.
The dart slug is almost dead.
You completely miss the hobgoblin. The hobgoblin misses you.
The dart slug barely misses you.
You hit the hobgoblin.
You kill the hobgoblin!
You barely miss the dart slug.
An endoplasm comes into view.
You have reached level 2!
The endoplasm quivers.
You hit the dart slug.
You kill the dart slug!
You see here a dart slug corpse.
A gnoll comes into view. It is wielding a +0 spear.
Found a robe.
The endoplasm freezes you.
You are frozen.
The endoplasm freezes you.
You are frozen.
A gnoll comes into view. It is wielding a +0 spear.
Found a scroll labelled SIFIYL ACEYS.
A gnoll comes into view. It is wielding a +0 spear.
The gnoll closely misses you.
You closely miss the gnoll. You hit the endoplasm. The endoplasm hits you.
The gnoll closely misses you.
You closely miss the gnoll. You hit the endoplasm.
You kill the endoplasm!
The gnoll hits you with a +0 spear.
You barely miss the gnoll.
The gnoll hits you but does no damage. x2
You closely miss the gnoll. The gnoll hits you with a +0 spear.
The gnoll hits you but does no damage. The gnoll hits you with a +0 spear.
* * * LOW HITPOINT WARNING * * *
The gnoll hits you from afar with a +0 spear!
You die...

#...............
#...............
#................
#..............[.#
#...............##
#................#
#...g.g.........#
#...g...........#
##....@.........# #
#.............# #
##...........## ##
##.....†)....#######.
##......###.........
#..###.....##.....##
#..## #####.......###
.... .... ##......#
...##..#... ##...$##


You could see 3 gnolls.

Vanquished Creatures
  A dart slug (D:4)
  2 orcs
  An endoplasm (D:4)
  2 hobgoblins (D:4)
  A kobold (D:4)
7 creatures vanquished.

Notes
Turn   | Place    | Note
-------+----------+-------------------------------------------
     0 | D:5      | Reached skill level 9 in Stealth
     0 | D:5      | croobank the Gnoll Delver began the quest for the Orb.
     0 | D:5      | Reached XP level 1. HP: 23/23 MP: 1/1
    12 | D:5      | Noticed a phantom
   123 | D:4      | Noticed a quasit
   125 | D:4      | Noticed NateTC's ghost (amateur MiFi)
   126 | D:4      | Found a transporter.
   126 | D:4      | Noticed a quasit
   131 | D:4      | Noticed Menkaure
   369 | D:4      | Noticed a quasit
   376 | D:4      | Reached XP level 2. HP: 29/29 MP: 2/2
   388 | D:4      | Slain by a gnoll

Illustrated notes

Levels and vault maps discovered:
D:4:      layout_cave_pods, gammafunk_ghost_stat_death, uniq_menkaure,
          uniq_pargi
D:5:      layout_layer_cave, kennysheep_cross_bottleneck

Skill      XL: | |
---------------+-+-----
Stealth        | |  9.5
Fighting       | |  6.4
Short Blades   | |  0.3
Long Blades    | |  0.3
Axes           | |  4.4
Maces & Flails | |  0.3
Polearms       | |  0.3
Staves         | |  0.3
Slings         | |  0.3
Bows           | |  0.3
Crossbows      | |  0.3
Throwing       | |  0.3
Armour         | |  0.3
Dodging        | |  4.4
Shields        | |  0.3
Unarmed Combat | |  0.3
Spellcasting   | |  0.3
Conjurations   | |  0.2
Hexes          | |  0.2
Summonings     | |  0.2
Necromancy     | |  0.2
Translocations | |  0.2
Transmutations | |  0.2
Fire Magic     | |  0.2
Ice Magic      | |  0.2
Air Magic      | |  0.2
Earth Magic    | |  0.2
Poison Magic   | |  0.2
Invocations    | |  0.4
Evocations     | |  0.3

Action                   || total
-------------------------++-------
Melee: Hand axe          ||    26
       Bite              ||     4
Evoke: Wand              ||     2
  Use: Scroll            ||     1
       Potion            ||     1
Armor: Leather armour    ||     9
Dodge: Dodged            ||    18

Table legend: (Time is in decaauts)
 A = Elapsed time spent in this place.
 B = Non-inter-level travel time spent in this place.
 C = Inter-level travel time spent in this place.
 D = Time resting spent in this place.
 E = Time spent auto-exploring this place.
 F = Levels seen in this place.
 G = Mean time per level.
                   A        B        C        D        E       F      G
               +--------+--------+--------+--------+--------+-----+--------+
         Total |    377 |    377 |      0 |    162 |     19 |   2 |  188.5 |
       Dungeon |    377 |    377 |      0 |    162 |     19 |   2 |  188.5 |
               +--------+--------+--------+--------+--------+-----+--------+

Top non-repeatable levels by time:
     D:5: 267 daAuts
     D:4: 109 daAuts
